APP
WASHINGTON (APP) NATIONALS @ KINGSPORT METS
09/04/2048
 
TOP OF THE 1ST
Washington (APP) Nationals batting - Pitching for Kingsport Mets : RHP Mark Paddock
Pitching: RHP Mark Paddock
Batting: RHB Steve Kunselman 0-0: Foul Ball, location: 2F
0-1: Foul Ball, location: 2F
0-2: Foul Ball, location: 2F
0-2: Ball
1-2: Ball
2-2: Hit by Pitch
Batting: RHB Jessie Fisher 0-0: Called Strike
0-1: Foul Ball, location: 2F
0-2: Foul Ball, location: 2F
0-2: Strikes out looking
Batting: SHB Curtis DeLille 0-0: Called Strike
Steve Kunselman is caught stealing 2nd base 2-6
0-1: Foul Ball, location: 2F
0-2: Ball
1-2: Strikes out swinging
Top of the 1st over - 0 runs, 0 hits, 0 errors, 0 left on base; Washington (APP) 0 - Kingsport 0
BOTTOM OF THE 1ST
Kingsport Mets batting - Pitching for Washington (APP) Nationals : RHP Nolan Carew
Pitching: RHP Nolan Carew
Batting: RHB Michael Youngberry 0-0: Called Strike
0-1: Foul Ball, location: 2F
0-2: Foul Ball, location: 2F
0-2: Ground out 3-1 (Groundball, 34, EV 83.1 MPH)
Batting: RHB Artyom Shavkunov 0-0: Ground out 5-3 (Groundball, 56S, EV 86.2 MPH)
Batting: SHB Tyler Maddux 0-0: Called Strike
0-1: Foul Ball, location: 2F
0-2: Ground out 6-3 (Groundball, 6S, EV 84.4 MPH)
Bottom of the 1st over - 0 runs, 0 hits, 0 errors, 0 left on base; Washington (APP) 0 - Kingsport 0
TOP OF THE 2ND
Washington (APP) Nationals batting - Pitching for Kingsport Mets : RHP Mark Paddock
Batting: SHB Fernando Fundora 0-0: Ball
1-0: Ball
2-0: Foul Ball, location: 2F
2-1: SINGLE (Groundball, 4MD, EV 109.4 MPH) (infield hit)
Batting: SHB Nolan Carew 0-0: Ball
1-0: Called Strike
1-1: 2-RUN HOME RUN (Flyball, 9D, EV 97.5 MPH), Distance : 386 ft
Batting: RHB Charlie Iacovone 0-0: Swinging Strike
0-1: Foul Ball, location: 2F
0-2: Foul Ball, location: 2F
0-2: Strikes out looking
Batting: RHB Alex Martinez 0-0: Called Strike
0-1: Fly out, F7 (Flyball, 7LD, EV 100.6 MPH)
Batting: RHB Franklin Ortega 0-0: Foul Ball, location: 2F
0-1: Foul Ball, location: 2F
0-2: Strikes out swinging
Top of the 2nd over - 2 runs, 2 hits, 0 errors, 0 left on base; Washington (APP) 2 - Kingsport 0
BOTTOM OF THE 2ND
Kingsport Mets batting - Pitching for Washington (APP) Nationals : RHP Nolan Carew
Batting: SHB Nick Daigle 0-0: Ball
1-0: Ball
2-0: Called Strike
2-1: Swinging Strike
2-2: Foul Ball, location: 2F
2-2: Ground out 6-3 (Groundball, 6M, EV 79.4 MPH)
Batting: RHB Bill Crogan 0-0: Called Strike
0-1: Ball
1-1: Swinging Strike
1-2: Ball
2-2: Strikes out swinging
Batting: RHB Enrique Aguirre 0-0: Ball
1-0: DOUBLE (Line Drive, 7LS, EV 110.0 MPH)
Batting: RHB Chris Artz 0-0: Ball
1-0: Ball
2-0: Ball
3-0: Base on Balls
Batting: SHB Keith Casner 0-0: Ball
Wild Pitch!
Enrique Aguirre to third
Chris Artz to second
1-0: Ball
2-0: Called Strike
2-1: Swinging Strike
2-2: Ball
3-2: Base on Balls
Batting: RHB Sam Callahan 0-0: Ball
1-0: Ball
2-0: Foul Ball, location: 2F
2-1: Foul Ball, location: 2F
2-2: GRAND SLAM HOME RUN (Flyball, 78XD, EV 97.5 MPH), Distance : 398 ft
Batting: RHB Michael Youngberry 0-0: Foul Ball, location: 2F
0-1: Called Strike
0-2: Foul Ball, location: 2F
0-2: Ball
1-2: Ball
2-2: Ball
3-2: Base on Balls
Batting: RHB Artyom Shavkunov 0-0: Foul Ball, location: 2F
0-1: Foul Ball, location: 2F
0-2: Ball
1-2: Strikes out swinging
Bottom of the 2nd over - 4 runs, 2 hits, 0 errors, 1 left on base; Washington (APP) 2 - Kingsport 4
TOP OF THE 3RD
Washington (APP) Nationals batting - Pitching for Kingsport Mets : RHP Mark Paddock
Batting: RHB Trent Spivey 0-0: Ground out 5-3 (Groundball, 56, EV 89.4 MPH)
Batting: RHB Steve Kunselman 0-0: Ball
1-0: Called Strike
1-1: Ball
2-1: Ball
3-1: Foul Ball, location: 2F
3-2: Ground out 4-3 (Groundball, 4M, EV 82.5 MPH)
Batting: RHB Jessie Fisher 0-0: Ball
1-0: Ball
2-0: Called Strike
2-1: Foul Ball, location: 2F
2-2: Strikes out swinging
Top of the 3rd over - 0 runs, 0 hits, 0 errors, 0 left on base; Washington (APP) 2 - Kingsport 4
BOTTOM OF THE 3RD
Kingsport Mets batting - Pitching for Washington (APP) Nationals : RHP Nolan Carew
Batting: SHB Tyler Maddux 0-0: Ball
1-0: Ball
2-0: DOUBLE (Line Drive, 78M, EV 108.1 MPH)
Batting: SHB Nick Daigle 0-0: Ball
Wild Pitch!
Tyler Maddux to third
1-0: Ball
2-0: Called Strike
2-1: Ball
3-1: Ground out 6-3 (Groundball, 6S, EV 69.4 MPH)
Tyler Maddux scores
Batting: RHB Bill Crogan 0-0: Ground out 6-3 (Groundball, 6M, EV 90.0 MPH)
Batting: RHB Enrique Aguirre 0-0: Called Strike
0-1: Swinging Strike
0-2: Foul Ball, location: 2F
0-2: Strikes out swinging
Bottom of the 3rd over - 1 run, 1 hit, 0 errors, 0 left on base; Washington (APP) 2 - Kingsport 5
TOP OF THE 4TH
Washington (APP) Nationals batting - Pitching for Kingsport Mets : RHP Mark Paddock
Batting: SHB Curtis DeLille 0-0: Called Strike
0-1: SINGLE (Line Drive, 7S, EV 95.0 MPH)
Batting: SHB Fernando Fundora 0-0: Foul Ball, location: 2F
0-1: Fly out, F6 (Popup, 6M, EV 51.9 MPH)
Batting: SHB Nolan Carew 0-0: Called Strike
0-1: Ball
1-1: Swinging Strike
1-2: Strikes out swinging
Batting: RHB Charlie Iacovone 0-0: Ground out 1-3 (Groundball, 13S, EV 67.5 MPH)
Top of the 4th over - 0 runs, 1 hit, 0 errors, 1 left on base; Washington (APP) 2 - Kingsport 5
BOTTOM OF THE 4TH
Kingsport Mets batting - Pitching for Washington (APP) Nationals : RHP Nolan Carew
Batting: RHB Chris Artz 0-0: Ball
1-0: Foul Ball, location: 2F
1-1: Foul Ball, location: 2F
1-2: Ball
2-2: Ball
3-2: Base on Balls
Pitching: RHP Cheng-ho Tai
Batting: SHB Keith Casner 0-0: Ball
1-0: Ball
2-0: Called Strike
2-1: Called Strike
2-2: Ball
3-2: Foul Ball, location: 2F
3-2: Foul Ball, location: 2F
3-2: 2-RUN HOME RUN (Flyball, 9D, EV 98.1 MPH), Distance : 392 ft
Batting: RHB Sam Callahan 0-0: Called Strike
0-1: Ball
1-1: Foul Ball, location: 2F
1-2: Foul Ball, location: 2F
1-2: TRIPLE (Flyball, 9LD, EV 90.0 MPH)
Batting: RHB Michael Youngberry 0-0: Called Strike
0-1: Foul Ball, location: 2F
0-2: Foul Ball, location: 2F
0-2: Ball
1-2: Ball
2-2: Ground out 5-3 (Groundball, 56S, EV 90.0 MPH)
Sam Callahan scores
Batting: RHB Artyom Shavkunov 0-0: Ball
1-0: Called Strike
1-1: Called Strike
1-2: Ground out 4-3 (Groundball, 4, EV 107.5 MPH)
Batting: SHB Tyler Maddux 0-0: Foul Ball, location: 2F
0-1: Ball
1-1: Ball
2-1: Ball
3-1: Foul Ball, location: 2F
3-2: Base on Balls
Batting: SHB Nick Daigle 0-0: Ball
1-0: Ball
2-0: Called Strike
2-1: Ball
3-1: Called Strike
Tyler Maddux steals 2nd base (no throw)
3-2: Foul Ball, location: 2F
3-2: Base on Balls
Batting: RHB Bill Crogan 0-0: Fly out, F8 (Flyball, 8LD, EV 95.6 MPH)
Bottom of the 4th over - 3 runs, 2 hits, 0 errors, 2 left on base; Washington (APP) 2 - Kingsport 8
TOP OF THE 5TH
Washington (APP) Nationals batting - Pitching for Kingsport Mets : RHP Mark Paddock
Batting: RHB Alex Martinez 0-0: Called Strike
0-1: Swinging Strike
0-2: Foul Ball, location: 2F
0-2: Strikes out swinging
Batting: RHB Franklin Ortega 0-0: Ball
1-0: Ball
2-0: Ball
3-0: Base on Balls
Batting: RHB Trent Spivey 0-0: Called Strike
0-1: Swinging Strike
0-2: Ball
1-2: DOUBLE (Line Drive, 8LXD, EV 100.0 MPH)
Franklin Ortega to third
Batting: RHB Steve Kunselman 0-0: SINGLE (Groundball, 56S, EV 76.9 MPH) (infield hit)
Franklin Ortega scores
Trent Spivey to third
Batting: RHB Jessie Fisher 0-0: Called Strike
0-1: Called Strike
0-2: Strikes out swinging
Batting: SHB Curtis DeLille 0-0: Swinging Strike
0-1: Reached on error, E6 (Groundball, 6, EV 106.2 MPH)
Trent Spivey scores
Steve Kunselman to second
Batting: SHB Fernando Fundora 0-0: Called Strike
0-1: Ball
1-1: Ball
2-1: Foul Ball, location: 2F
2-2: Ball
3-2: Base on Balls
Steve Kunselman to third
Curtis DeLille to second
Pitching: RHP Justin Williams
Batting: SHB Nolan Carew 0-0: Called Strike
0-1: Ball
Wild Pitch!
Steve Kunselman scores
Curtis DeLille to third
Fernando Fundora to second
1-1: Swinging Strike
1-2: Ball
2-2: Ground out 4-3 (Groundball, 4, EV 88.1 MPH)
Top of the 5th over - 3 runs, 2 hits, 1 error, 2 left on base; Washington (APP) 5 - Kingsport 8
BOTTOM OF THE 5TH
Kingsport Mets batting - Pitching for Washington (APP) Nationals : RHP Cheng-ho Tai
Batting: RHB Enrique Aguirre 0-0: Ground out 6-3 (Groundball, 6, EV 106.9 MPH)
Batting: RHB Chris Artz 0-0: Ball
1-0: Ball
2-0: Swinging Strike
2-1: Called Strike
2-2: Ball
3-2: Fly out, F6 (Popup, 6M, EV 75.0 MPH)
Batting: SHB Keith Casner 0-0: Foul Ball, location: 2F
0-1: Ball
1-1: Foul Ball, location: 2F
1-2: Ball
2-2: Ball
3-2: Strikes out swinging
Bottom of the 5th over - 0 runs, 0 hits, 0 errors, 0 left on base; Washington (APP) 5 - Kingsport 8
TOP OF THE 6TH
Washington (APP) Nationals batting - Pitching for Kingsport Mets : RHP Justin Williams
Batting: RHB Charlie Iacovone 0-0: Called Strike
0-1: Ball
1-1: Foul Ball, location: 2F
1-2: Ball
2-2: Ball
3-2: Strikes out swinging
Pinch Hitting: RHB Ken Yeadon 0-0: Swinging Strike
0-1: Ball
1-1: Swinging Strike
1-2: Strikes out swinging
Pinch Hitting: RHB Justin Van Houten 0-0: Ball
1-0: SOLO HOME RUN (Flyball, 78XD, EV 107.5 MPH), Distance : 417 ft
Pinch Hitting: RHB Chad Madsen 0-0: Called Strike
0-1: Fly out, F7 (Flyball, 7, EV 83.8 MPH)
Top of the 6th over - 1 run, 1 hit, 0 errors, 0 left on base; Washington (APP) 6 - Kingsport 8
BOTTOM OF THE 6TH
Kingsport Mets batting - Pitching for Washington (APP) Nationals : RHP Cheng-ho Tai
Now at 2B: Justin Van Houten
Now at 3B: Aaron Bateman
Now in RF: Chad Madsen
Batting: RHB Sam Callahan 0-0: Fly out, F7 (Flyball, 8LS, EV 81.9 MPH)
Batting: RHB Michael Youngberry 0-0: TRIPLE (Flyball, 9D, EV 93.8 MPH)
Pitching: RHP Manny Mendoza
Batting: RHB Artyom Shavkunov 0-0: Ball
1-0: Ball
2-0: Ball
3-0: Called Strike
3-1: Base on Balls
Batting: SHB Tyler Maddux 0-0: Fielders Choice at 2nd, 4-6 (Groundball, 4, EV 83.8 MPH)
Michael Youngberry scores
Batting: SHB Nick Daigle 0-0: Called Strike
Tyler Maddux is caught stealing 2nd base 2-6
Bottom of the 6th over - 1 run, 1 hit, 0 errors, 0 left on base; Washington (APP) 6 - Kingsport 9
TOP OF THE 7TH
Washington (APP) Nationals batting - Pitching for Kingsport Mets : RHP Justin Williams
Batting: RHB Steve Kunselman 0-0: Ball
1-0: Foul Ball, location: 2F
1-1: Foul Ball, location: 2F
1-2: Hit by Pitch
Batting: RHB Jessie Fisher 0-0: Ball
1-0: Foul Ball, location: 2F
1-1: Called Strike
Steve Kunselman is caught stealing 2nd base 2-4
1-2: SINGLE (Line Drive, 8LS, EV 89.4 MPH)
Pitching: LHP Tony Diaz
Batting: SHB Curtis DeLille 0-0: Called Strike
0-1: Called Strike
0-2: Foul Ball, location: 2F
0-2: Ball
1-2: Strikes out swinging
Batting: SHB Fernando Fundora 0-0: Foul Ball, location: 2F
0-1: Ball
1-1: Foul Ball, location: 2F
1-2: Foul Ball, location: 2F
1-2: Foul Ball, location: 2F
1-2: Foul Ball, location: 2F
1-2: Strikes out swinging
Top of the 7th over - 0 runs, 1 hit, 0 errors, 1 left on base; Washington (APP) 6 - Kingsport 9
BOTTOM OF THE 7TH
Kingsport Mets batting - Pitching for Washington (APP) Nationals : RHP Manny Mendoza
Batting: SHB Nick Daigle 0-0: SOLO HOME RUN (Flyball, 7D, EV 99.4 MPH), Distance : 369 ft
Batting: RHB Bill Crogan 0-0: Ground out U3 (Groundball, 3, EV 96.9 MPH)
Batting: RHB Enrique Aguirre 0-0: Ground out 5-3 (Groundball, 56S, EV 90.6 MPH)
Batting: RHB Chris Artz 0-0: Called Strike
0-1: Fly out, F7 (Flyball, 7D, EV 93.8 MPH)
Bottom of the 7th over - 1 run, 1 hit, 0 errors, 0 left on base; Washington (APP) 6 - Kingsport 10
TOP OF THE 8TH
Washington (APP) Nationals batting - Pitching for Kingsport Mets : LHP Tony Diaz
Batting: SHB Nolan Carew 0-0: Called Strike
0-1: Fly out, F7 (Flyball, 78M, EV 79.4 MPH)
Batting: RHB Charlie Iacovone 0-0: Called Strike
0-1: Foul Ball, location: 2F
0-2: Strikes out swinging
Batting: RHB Aaron Bateman 0-0: Fly out, F3 (Line Drive, 34, EV 67.5 MPH)
Top of the 8th over - 0 runs, 0 hits, 0 errors, 0 left on base; Washington (APP) 6 - Kingsport 10
BOTTOM OF THE 8TH
Kingsport Mets batting - Pitching for Washington (APP) Nationals : RHP Manny Mendoza
Batting: SHB Keith Casner 0-0: Foul Ball, location: 2F
0-1: Foul Ball, location: 2F
0-2: Hit by Pitch
Batting: RHB Sam Callahan 0-0: Bunt missed!
0-1: Bunt missed!
0-2: Ball
1-2: Grounds into double play, 5-4-3 (Groundball, 56S, EV 86.2 MPH)
Batting: RHB Michael Youngberry 0-0: Called Strike
0-1: Ball
1-1: Foul Ball, location: 2F
1-2: Strikes out swinging
Bottom of the 8th over - 0 runs, 0 hits, 0 errors, 0 left on base; Washington (APP) 6 - Kingsport 10
TOP OF THE 9TH
Washington (APP) Nationals batting - Pitching for Kingsport Mets : LHP Tony Diaz
Batting: RHB Justin Van Houten 0-0: Swinging Strike
0-1: Ball
1-1: Foul Ball, location: 2F
1-2: Strikes out swinging
Batting: RHB Chad Madsen 0-0: Ball
1-0: Called Strike
1-1: Swinging Strike
1-2: Strikes out swinging
Batting: RHB Steve Kunselman 0-0: Called Strike
0-1: Ball
1-1: Called Strike
1-2: Foul Ball, location: 2F
1-2: Ball
2-2: Strikes out looking
Top of the 9th over - 0 runs, 0 hits, 0 errors, 0 left on base; Washington (APP) 6 - Kingsport 10
Tuesday, March 28th , 2023 - OOTP Baseball 23.10 Build 110